AoeStats
← marius.zwei91

Arabia

508942868Analyzed
1v1 RM · 8d ago on Sep 24, 2026· 32m 0s· 2 players
Game mode
Random Map
Map size
Tiny (2 player)
Population
200
Speed
Normal
Resources
Standard
Victory
Conquest
Starting age
Dark Age
Ending age
Imperial Age
RankedLock teamsTeams togetherTeam positionsShared explorationLock speedFull tech treeHidden civsTurbo modeCheats
Victory
Defeat
🇸🇪 Varangians · Sweden
775
+16
🇩🇪 Portuguese · Germany
783
-16
Perkele303
2:46 Loom
9:52 Feudal Age
9:58 Man-at-Arms
12:24 Scale Mail Armor
14:54 Arson
19:42 Castle Age
19:56 Bloodlines
19:39 Horse Collar
19:46 Double-Bit Axe
29:44 Chain Mail Armor
29:39 Forging
marius.zwei91
8:23 Loom
11:22 Feudal Age
21:31 Castle Age
26:41 Pikeman
Connection lost

Rejoining the realm…

Still unreachable

The connection could not be restored.

Session expired

The server has moved on; the page needs a fresh start.